 Dungeon Crawl Stone Soup version 0.29-a0-1016-g236c7fd91e (webtiles) character file.

Game seed: 11468707481950740055

2245 vurker the Grappler (level 9, 0/80 HPs)
             Began as a Ghoul Gladiator on Aug 9, 2022.
             Slain by an orc warrior
             ... wielding a +0 glaive
              (9 damage)
             ... in a bailey.
             The game lasted 00:08:47 (6407 turns).

vurker the Grappler (Ghoul Gladiator)               Turns: 6407, Time: 00:08:48

Health: 0/80       AC: 15    Str: 20    XL:     9   Next: 37%
Magic:  8/8        EV:  9    Int:  5    God:
Gold:   247        SH:  0    Dex: 10    Spells: 8/8 levels left

rFire   . . .      SeeInvis .     - Unarmed
rCold   + + .      Faith    .   (no shield)
rNeg    + + +      Spirit   .   a - +0 chain mail
rPois   ∞          Reflect  .   b - +0 helmet
rElec   .          Harm     .   r - +2 cloak
rCorr   .          Rampage  .   x - +0 pair of gloves
Will    +....                   (no boots)
Stlth   ..........              (no amulet)
HPRegen 0.00/turn               g - ring of willpower
MPRegen 0.11/turn               z - ring of protection from cold

@: about to teleport, inhibited regen, studying Fighting
A: claws 1, cold resistance 1, negative energy resistance 3, inhibited
regeneration, torment resistance 2, devour on kill
a: no special abilities


You were in a bailey.
You visited 2 branches of the dungeon, and saw 8 of its levels.
You also visited: Bailey.

You collected 247 gold pieces.

Inventory:

Missiles
 d - a javelin (quivered)
Armour
 a - a +0 chain mail (worn)
   (You found it on level 4 of the Dungeon)
 b - a +0 helmet (worn)
 r - a +2 cloak (worn)
   (You took it off Crazy Yiuf on level 2 of the Dungeon)
 x - a +0 pair of gloves (worn)
   (You found it on level 6 of the Dungeon)
Jewellery
 g - a ring of willpower (left hand)
   (You found it on level 1 of the Dungeon)
 t - an amulet of magic regeneration
   (You found it on level 5 of the Dungeon)
 w - a ring of resist corrosion
   (You found it on level 6 of the Dungeon)
 z - a ring of protection from cold (right hand)
   (You found it on level 6 of the Dungeon)
Wands
 u - a wand of polymorph (7)
   (You found it on level 5 of the Dungeon)
Scrolls
 h - a scroll of fog
 i - 2 scrolls of blinking
 m - 2 scrolls of fear
 v - a scroll of enchant armour
 y - a scroll of identify
Potions
 c - a potion of cancellation {unknown}
 e - 2 potions of degeneration {unknown}
 f - a potion of might {unknown}
 k - 3 potions of mutation {unknown}
 l - 2 potions of brilliance {unknown}
 o - a potion of flight {unknown}
 p - 4 potions of curing
 q - 4 potions of haste {unknown}
 s - a potion of invisibility {unknown}


   Skills:
 + Level 7.7 Fighting
 - Level 1.7 Throwing
 + Level 4.8 Armour
 + Level 5.6 Dodging
 * Level 9.1 Unarmed Combat


You had 8 spell levels left.
You didn't know any spells.
Your spell library contained the following spells:

 Spells                   Type           Power      Damage    Failure   Level
 Dazzling Flash           Conj/Hex       0%         N/A       100%        3
 Ignite Poison            Fire/Tmut/Pois 0%         N/A       100%        3
 Mephitic Cloud           Conj/Pois/Air  0%         N/A       100%        3
 Stone Arrow              Conj/Erth      0%         3d7       100%        3
 Animate Armour           Summ/Erth      0%         N/A       100%        4
 Fulminant Prism          Conj/Hex       0%         3d6       100%        4
 Iskenderun's Mystic Bla  Conj/Tloc      0%         2d3       100%        4
 Freezing Cloud           Conj/Ice/Air   0%         6-21      100%        5
 Lee's Rapid Deconstruct  Erth           0%         3d5*      100%        5
 Starburst                Conj/Fire      0%         6d3       100%        6
 Lehudib's Crystal Spear  Conj/Erth      0%         10d2      100%        8


Dungeon Overview and Level Annotations

Branches:
Dungeon (7/15)             Temple (1/1) D:5          Bailey (1/1)

Altars:
Ashenzari
Cheibriados
Dithmenos
Fedhas
Gozag
Hepliaklqana
Kikubaaqudgha
Nemelex Xobeh
Okawaru
Ru
Trog
Uskayaw
Vehumet
Wu Jian
Xom
Yredelemnul

Shops:
D:4 (

Annotations:
D:5 3 runed translucent doors, Peppero's ghost, novice DjCj Bailey 2 runed translucent doors


Innate Abilities, Weirdness & Mutations

You are immune to poison.
You have sharp fingernails.
Your flesh is cold resistant. (rC+)
You are immune to negative energy. (rN+++)
You do not regenerate when monsters are visible.
You are immune to unholy pain and torment.
You thrive by killing the living.


Message History

The orc hits you from afar with a +0 halberd!
The orc closely misses you.
Things that are here:
a +0 glaive; a +0 ring mail; an orc corpse You punch the orc!
You kill the orc!
You feel better.
No target in view!
No target in view!
Okay, then.
An orc comes into view. It is wielding a +0 trident.
An orc and an orc warrior come into view.
The orc shouts!
The orc warrior shouts!
You hear a shout!
An orc comes into view. It is wielding a +0 trident.
The orc hits you but does no damage.
An orc warrior comes into view. It is wielding a +0 glaive.
Things that are here:
a +0 halberd; a +0 chain mail; an orc corpse An orc comes into view.
It is wielding a +0 spear.
The orc shouts! x2
You completely miss the orc. You punch the orc.
You kill the orc!
You feel better. The orc hits you but does no damage.
An orc comes into view. It is wielding a +0 trident.
An orc knight comes into view. It is wielding a +3 trident.
The orc knight shouts!
The orc shouts!
The orc warrior hits you with a +0 glaive.
The orc hits you but does no damage. The orc warrior barely misses you.
You closely miss the orc. The orc hits you but does no damage.
The orc warrior closely misses you. x2
You barely miss the orc. The orc barely misses you.
The orc warrior hits you from afar with a +0 glaive! x2
* * * LOW HITPOINT WARNING * * *
You closely miss the orc. You punch the orc!
You kill the orc!
The orc warrior hits you from afar with a +0 glaive!
* * * LOW HITPOINT WARNING * * *
The orc warrior hits you from afar with a +0 glaive.
* * * LOW HITPOINT WARNING * * *
Okay, then.
You feel better.
The orc warrior hits you from afar with a +0 glaive!
* * * LOW HITPOINT WARNING * * *
The orc warrior hits you from afar with a +0 glaive!
* * * LOW HITPOINT WARNING * * *
As you read the scroll of teleportation, it crumbles to dust.
You feel strangely unstable.
The orc warrior hits you from afar with a +0 glaive!
You die...

#### ≈≈≈≈≈ ♣♣♣♣≈≈≈≈≈
♣♣..≈≈≈≈≈. #♣..≈≈≈≈≈..
#...≈≈≈≈..####
###..≈≈≈≈≈..#$.##########
.....≈≈≈≈...#...))oo.....
.♣♣..≈≈≈≈...##..@.ooo....
..♣..≈≈≈≈....#.)########.
....######...#)8# ..#
.............#..# ..#
.............'..# .+.
.............'..# +o
..)..........#..# .
....######...#.8#
.....≈≈≈≈....#..#


You could see 2 orc warriors and 3 orcs.

Vanquished Creatures
  Grinder (D:6)
  Sigmund (D:2)
  Eustachio (D:6)
  Duvessa (D:4)
  2 ice beasts
  2 orc warriors (Bailey)
  An ogre (D:7)
  2 phantoms (D:5)
  2 necrophages
  3 scorpions
  Dowan (D:4)
  2 hounds (D:5)
  2 jellies
  Crazy Yiuf (D:2)
  An orc priest (D:7)
  8 iguanas
  Jessica (D:2)
  An orc wizard (D:6)
  11 adders
  A shadow imp (D:7)
  2 white imps (D:5)
  An ufetubus (D:6)
  5 worms
  2 dart slugs (D:3)
  23 orcs
  11 ball pythons
  An endoplasm (D:4)
  6 giant cockroaches
  4 goblins
  5 hobgoblins
  3 jackals (D:1)
  9 kobolds
  4 quokkas
  8 bats
  8 frilled lizards
  5 rats
142 creatures vanquished.

Vanquished Creatures (others)
  3 plants (D:5)
3 creatures vanquished.

Grand Total: 145 creatures vanquished

Notes
Turn   | Place    | Note
-------+----------+-------------------------------------------
     0 | D:1      | vurker the Ghoul Gladiator began the quest for the Orb.
     0 | D:1      | Reached XP level 1. HP: 17/17 MP: 0/0
   244 | D:1      | Reached XP level 2. HP: 24/25 MP: 1/1
   877 | D:1      | Reached XP level 3. HP: 30/30 MP: 2/2
  1090 | D:2      | Noticed Jessica
  1122 | D:2      | Killed Jessica
  1123 | D:2      | Reached skill level 1 in Armour
  1123 | D:2      | Reached skill level 4 in Unarmed Combat
  1168 | D:2      | Reached XP level 4. HP: 29/37 MP: 3/3
  1476 | D:2      | Identified the +5 quarterstaff of Success {drain, Int+4
                  | Stlth+}
  1549 | D:2      | Noticed Sigmund
  1576 | D:2      | Killed Sigmund
  1577 | D:2      | Reached skill level 5 in Unarmed Combat
  1577 | D:2      | Reached XP level 5. HP: 40/45 MP: 4/4
  1577 | D:2      | Reached XP level 6. HP: 46/51 MP: 5/5
  1675 | D:2      | Found a faded altar of an unknown god.
  1766 | D:2      | Found a runed translucent door.
  1767 | D:2      | Noticed Crazy Yiuf
  2045 | D:2      | Killed Crazy Yiuf
  2239 | D:3      | Identified the +6 whip "Giantslayer" {holy, rF+}
  2458 | D:3      | Found a broken altar of Ashenzari.
  2867 | D:4      | Noticed Duvessa
  2879 | D:4      | Noticed Dowan
  3042 | D:4      | Killed Duvessa
  3043 | D:4      | Reached XP level 7. HP: 19/59 MP: 6/6
  3273 | D:4      | Killed Dowan
  3274 | D:4      | Reached skill level 6 in Unarmed Combat
  3481 | D:4      | Found an ornate altar of the Wu Jian Council.
  3493 | D:4      | Found Caser's Weapon Shoppe.
  3836 | D:5      | Entered Level 5 of the Dungeon
  3840 | D:5      | Found a staircase to the Ecumenical Temple.
  3851 | Temple   | Entered the Ecumenical Temple
  4060 | D:5      | Found a hide-covered altar of Uskayaw.
  4241 | D:5      | Identified a scroll of acquirement
  4241 | D:5      | Acquired a manual of Fighting
  4391 | D:5      | Reached skill level 5 in Fighting
  4391 | D:5      | Reached XP level 8. HP: 60/68 MP: 7/7
  4495 | D:5      | Reached skill level 7 in Unarmed Combat
  4617 | D:5      | Noticed an angel
  4745 | D:5      | Found a runed translucent gate.
  4745 | D:5      | Found a runed translucent gate.
  4745 | D:5      | Found a runed translucent gate.
  4759 | D:5      | Noticed Peppero's ghost (novice DjCj)
  5171 | D:6      | Noticed Eustachio
  5387 | D:6      | Killed Eustachio
  5388 | D:6      | Reached skill level 5 in Dodging
  5485 | D:6      | Reached skill level 8 in Unarmed Combat
  5535 | D:6      | Noticed Grinder
  5549 | D:6      | Killed Grinder
  5550 | D:6      | Reached XP level 9. HP: 62/78 MP: 8/8
  5629 | D:6      | Found a snail-covered altar of Cheibriados.
  5876 | D:6      | Found a radiant altar of Vehumet.
  6271 | D:7      | Found a flagged portal.
  6279 | Bailey   | Entered a bailey
  6311 | Bailey   | Reached skill level 9 in Unarmed Combat
  6400 | Bailey   | Found a large runed translucent door.
  6400 | Bailey   | Found a large runed translucent door.
  6400 | Bailey   | Noticed an orc knight
  6407 | Bailey   | Slain by an orc warrior

Illustrated notes

Levels and vault maps discovered:
D:1:      saegor_arrival_simple_b, layout_basic
D:2:      layout_rooms, chequers_ecumenical_altar_simple_redux, serial_glass,
          glass_columns_b, glass_columns_a, glass_columns_b, glass_columns_a,
          glass_columns_b, glass_columns_b, glass_columns_c, glass_columns_a,
          glass_columns_a, glass_columns_b, uniq_crazy_yiuf_cottage,
          uniq_jessica, uniq_sigmund
D:3:      layout_rooms, nicolae_ashenzari_skybound
D:4:      layout_basic, nzn_wu_jian_council_hall, serial_shops,
          nicolae_shop_advertising_works [nicolae_subvault_shop_adworks],
          uniq_duvessa
D:5:      layout_layer_cave, nicolae_uskayaw_dance_hall, zin_angel,
          temple_statues, ebering_ghost_rock_garden, minmay_lizard_king
D:6:      layout_rooms, cheibrodos_worm_habitat, nicolae_vehumet_radiance,
          mainiacjoe_overflow_alcove_1, uniq_eustachio, uniq_grinder
D:7:      layout_basic, mainiacjoe_overflow_chevrons, serial_shops,
          nicolae_shop_waterfront, enter_bailey_6, moated_statue,
          grunt_ogre_cave
Temple:   nicolae_temple_hex_pool
Bailey:   bailey_polearm_elven_captive_hellmonk, bailey

Skill      XL: |  1  2  3  4  5  6  7  8  9 |
---------------+----------------------------+-----
Dodging        | 3 4 5 |  5.6
Armour         | 1 2 3 4 |  4.8
Unarmed Combat | 4 5 6 8 9 |  9.1
Fighting       | 3 4 5 6 7 |  7.7
Throwing       | |  1.7

Action                   |  1- 3 |  4- 6 |  7- 9 || total
-------------------------+-------+-------+-------++-------
Melee: Unarmed           |   103 |   149 |   303 ||   555
       Punch             |     4 |     8 |    10 ||    22
  Use: Scroll            |       |     8 |     5 ||    13
       Potion            |       |       |     1 ||     1
Armor: Leather armour    |    33 |    60 |       ||    93
       Chain mail        |       |    11 |   148 ||   159
       Ring mail         |       |     3 |       ||     3
Dodge: Dodged            |    85 |    85 |   102 ||   272

Table legend: (Time is in decaauts)
 A = Elapsed time spent in this place.
 B = Non-inter-level travel time spent in this place.
 C = Inter-level travel time spent in this place.
 D = Time resting spent in this place.
 E = Time spent auto-exploring this place.
 F = Levels seen in this place.
 G = Mean time per level.
                   A        B        C        D        E       F      G
               +--------+--------+--------+--------+--------+-----+--------+
         Total |   6357 |   6192 |    165 |    527 |   4472 |   9 |  706.3 |
       Dungeon |   6140 |   5994 |    146 |    527 |   4322 |   7 |  877.1 |
        Temple |     91 |     72 |     19 |      0 |     61 |   1 |   91.0 |
        Bailey |    125 |    125 |      0 |      0 |     89 |   1 |  125.0 |
               +--------+--------+--------+--------+--------+-----+--------+

Top non-repeatable levels by time:
     D:5: 1359 daAuts
     D:2: 1150 daAuts
     D:1: 1057 daAuts
     D:3: 824 daAuts
     D:4: 783 daAuts
     D:6: 740 daAuts
     D:7: 225 daAuts
  Bailey: 125 daAuts
  Temple: 91 daAuts
